 Dungeon Crawl Stone Soup version 0.21-a0-178-g0b87683 (webtiles) character file.

48 namelastname112 the Skirmisher (level 3, -4/31 HPs)
             Began as a Draconian Wanderer on Aug 9, 2017.
             Slain by a gnoll
             ... wielding a +0 halberd
              (10 damage)
             ... on level 2 of the Dungeon.
             The game lasted 00:01:01 (1003 turns).

namelastname112 the Skirmisher (Draconian Wanderer) Turns: 1003, Time: 00:01:01

Health: -4/31      AC:  5    Str: 12    XL:     3   Next: 50%
Magic:  4/4        EV: 12    Int: 10    God:
Gold:   76         SH:  0    Dex: 15    Spells: 4/4 levels left

rFire    . . .     SeeInvis .   e - +2 mace (protect)
rCold    + . .     Gourm    .   (no shield)
rNeg     . . .     Faith    .   (armour unavailable)
rPois    .         Spirit   .   (helmet restricted)
rElec    .         Reflect  .   (no cloak)
rCorr    .         Harm     .   (no gloves)
MR       .....                  (no boots)
Stlth    ++........             (no amulet)
HPRegen  0.10/turn              i - ring of protection from cold
MPRegen  0.09/turn              (no ring)

@: no status effects
A: unfitting armour, cold-blooded, AC +5
a: no special abilities


You were on level 2 of the Dungeon.
You were not hungry.

You visited 1 branch of the dungeon, and saw 2 of its levels.

You collected 76 gold pieces.

Inventory:

Hand Weapons
 a - a +2 mace
 e - a +2 mace of protection (weapon)
Jewellery
 i - a ring of protection from cold (left hand)
Scrolls
 b - a scroll of teleportation
 j - 2 scrolls of identify {unknown}
 k - a scroll of magic mapping {unknown}
 n - a scroll of recharging {unknown}
Potions
 c - a potion of curing
 g - a potion of haste {unknown}
 h - a potion of ambrosia {unknown}
 l - 2 potions of degeneration {unknown}
Comestibles
 d - a bread ration
 f - a royal jelly
 m - a meat ration


   Skills:
 + Level 3.4 Fighting
 - Level 3.0 Maces & Flails
 - Level 1.0 Throwing
 + Level 1.8 Dodging
 - Level 1.0 Stealth
 - Level 1.0 Spellcasting
   Level 1.0 Transmutations
   Level 1.0 Ice Magic


You had 4 spell levels left.
You didn't know any spells.

Dungeon Overview and Level Annotations

Branches:
Dungeon (2/15)

Altars:


Innate Abilities, Weirdness & Mutations

Your plain brown scales are hard. (AC +5)
You cannot fit into any form of body armour.
You are cold-blooded and may be slowed by cold attacks.


Message History

You hit the gnoll.
The gnoll is severely wounded.
The gnoll hits you with a halberd. The gnoll barely misses you.
The gnoll misses you.
You take 5 damage, and have 17/31 hp.
You barely miss the gnoll.
The gnoll is severely wounded.
The gnoll barely misses you. The gnoll hits you with a halberd.
You are too injured to fight recklessly!
You take 5 damage, and have 12/31 hp.
You are too injured to fight recklessly!
You barely miss the gnoll.
The gnoll is severely wounded.
The gnoll hits you but does no damage. x2
You barely miss the gnoll.
The gnoll is severely wounded.
The gnoll hits you from afar with a halberd!
* * * LOW HITPOINT WARNING * * *
The gnoll hits you with a halberd!
You die...

#
##......##.#...#
##...#..).#.#.#
##...........#
####..###.. #..#
#..# #..#
..#.########..#
#..gggg@......#
###############


You could see 4 gnolls.

Vanquished Creatures
  An adder (D:2)
  An ooze (D:1)
  A dart slug (D:1)
  8 bats
  3 goblins (D:1)
  7 hobgoblins (D:1)
  3 kobolds
  A quokka (D:2)
  A frilled lizard (D:1)
  5 rats (D:1)
31 creatures vanquished.

Notes
Turn   | Place    | Note
-------+----------+-------------------------------------------
     0 | D:1      | namelastname112 the Draconian Wanderer began the quest for the Orb.
     0 | D:1      | namelastname112 set off with: a +2 mace, a scroll of teleportation, a potion of curing, a bread ration
     0 | D:1      | Reached XP level 1. HP: 17/17 MP: 2/2
    85 | D:1      | Reached skill level 1 in Dodging
    88 | D:1      | Reached XP level 2. HP: 11/25 MP: 3/3
   424 | D:1      | Reached XP level 3. HP: 23/31 MP: 4/4
  1003 | D:2      | Slain by a gnoll

Vault maps used:
D:1:      dpeg_arrival_court
D:2:      lemuel_round_altar, lemuel_round_altar, okawaru_metal_pillars_1_2,
          uniq_natasha

Skill      XL: |  1  2 |
---------------+-------+-----
Dodging        | 1 |  1.8
Fighting       | 3 |  3.4
Maces & Flails | |  3.0
Throwing       | |  1.0
Stealth        | |  1.0
Spellcasting   | |  1.0
Transmutations | |  1.0
Ice Magic      | |  1.0

Action                   || total
-------------------------++-------
Melee: Mace              ||    82
       Tailslap          ||     7
 Stab: Sleeping          ||     2
Armor: Skin              ||    40
Dodge: Dodged            ||    55
